Map: Eternal Empire LE

Players

Lambo - Winner!

  • Race: Zerg Zerg
  • Spawn Location: 7:00

Trap

  • Race: Protoss Protoss
  • Spawn Location: 1:00

Event: IEM Katowice 2020

VOD

Have the link to the VOD?

Description

Time

  • Played on: Feb. 25, 2020, 11:20 a.m.
  • Length: 15:40

All games in this series

Show
View Real Time Build Order
Export as new Build Order

Lambo Zerg - Winner!

Build Orders: Hatch First, Muta Ling Bane 

Get SALT Encoding   

  12  0:00  Drone  
  13  0:12  Overlord  
  13  0:16  Drone  
  14  0:30  Drone x2  
  16  0:48  Hatchery  
  15  0:51  Drone  
  15  0:54  Drone  
  17  0:58  Drone  
  18  1:08  Extractor  
  17  1:13  Spawning Pool  
  17  1:16  Drone  
  17  1:19  Drone  
  18  1:29  Drone  
  19  1:39  Drone  
  20  1:52  Overlord  
  20  1:59  Queen x2  
  20  2:00  Zergling x4  
  26  2:11  Drone x2  
  28  2:21  Drone x2  
  30  2:33  Hatchery  
  30  2:36  Drone x2  
  31  2:43  Drone  
  32  2:45  Pneumatized Carapace  
  32  2:47  Overlord  
  32  2:54  Queen  
  34  2:59  Drone x2  
  36  3:08  Drone x3  
  36  3:09  Drone  
  41  3:12  Drone  
  41  3:16  Overlord  
  41  3:20  Drone  
  41  3:21  Metabolic Boost  
  42  3:27  Drone  
  42  3:32  Drone  
  44  3:34  Queen  
  44  3:38  Roach Warren  
  44  3:39  Drone  
  46  3:42  Extractor  
  46  3:43  Drone x2  
  46  3:46  Drone  
  48  3:49  Drone x2  
  48  3:54  Overlord  
  50  3:58  Overlord  
  50  4:04  Overlord  
  50  4:11  Overlord  
  50  4:19  Roach x6  
  62  4:26  Roach x2  
  62  4:31  Zergling x8, Roach  
  67  4:37  Zergling x2, Roach  
  67  4:38  Zergling x2  
  75  4:45  Overlord  
  75  4:48  Lair  
  75  4:49  Drone x3  
  75  4:52  Overlord  
  78  4:55  Drone x2  
  78  4:57  Drone  
  78  4:59  Drone  
  82  5:00  Drone  
  82  5:04  Drone x2  
  82  5:05  Extractor  
  83  5:11  Drone x4  
  83  5:13  Drone  
  87  5:15  Drone  
  87  5:17  Drone  
  87  5:20  Drone  
  90  5:26  Drone x2  
  92  5:28  Overlord  
  92  5:29  Extractor  
  92  5:34  Extractor, Drone x3  
  93  5:37  Overlord  
  93  5:42  Drone x4  
  97  5:44  Drone  
  97  5:46  Drone  
  99  5:50  Extractor, Overseer  
  99  5:56  Drone x4  
  99  5:57  Drone  
  103  5:58  Roach x4  
  111  6:07  Overseer  
  111  6:08  Drone  
  111  6:09  Drone  
  113  6:14  Baneling Nest  
  113  6:16  Roach  
  116  6:18  Roach x2  
  116  6:19  Hatchery  
  116  6:23  Roach x2  
  116  6:24  Overlord x2  
  121  6:26  Overlord  
  121  6:30  Overlord  
  121  6:32  Overlord  
  121  6:35  Overlord  
  121  6:36  Overlord  
  121  6:39  Overlord  
  121  6:41  Overlord  
  121  6:42  Evolution Chamber  
  121  6:44  Overseer  
  121  6:45  Roach x3  
  121  6:46  Ravager, Unknown  
  126  6:49  Roach x2  
  126  6:53  Spire  
  129  6:55  Zergling x4  
  129  6:58  Zergling x4  
  133  7:08  Drone x3, Centrifical Hooks  
  135  7:10  Drone, Zerg Melee Weapons Level 1  
  135  7:11  Zergling x4, Drone x2  
  135  7:15  Overlord  
  140  7:17  Glial Reconstitution  
  140  7:20  Overlord  
  140  7:26  Overlord  
  140  7:29  Drone x3  
  139  7:46  Overseer  
  139  7:50  Drone x5  
  139  7:51  Drone x2  
  140  7:55  Drone  
  138  7:58  Drone  
  138  8:01  Roach x12  
  138  8:03  Ravager x4  
  138  8:04  Ravager  
  168  8:12  Roach x5  
  178  8:18  Ravager  
  178  8:19  Overlord  
  179  8:30  Overlord, Zerg Flyer Weapons Level 1  
  179  8:36  Mutalisk x8  
  195  8:41  Overlord  
  195  8:46  Mutalisk x2  
  199  8:51  Infestation Pit, Overlord  
  198  9:04  Mutalisk  
  200  9:15  Zerg Melee Weapons Level 2  
  200  9:17  Overlord  
  200  9:19  Evolution Chamber  
  199  9:30  Drone, Hive  
  200  9:36  Hatchery  
  196  9:39  Drone x3  
  196  9:44  Drone x2  
  200  9:50  Overlord  
  195  10:09  Zerg Missile Weapons Level 1  
  192  10:14  Drone x6  
  192  10:15  Drone x2  
  192  10:19  Overlord  
  199  10:25  Baneling  
  199  10:26  Baneling x8  
  199  10:42  Overseer  
  197  10:45  Adrenal Glands, Greater Spire  
  197  10:56  Spore Crawler  
  196  10:58  Spine Crawler  
  196  10:59  Zergling x2  
  196  11:00  Zergling x8  
  200  11:14  Zergling x2  
  200  11:15  Zergling x2  
  187  11:34  Zergling x26  
  196  11:43  Zerg Melee Weapons Level 3  
  196  11:51  Viper x3  
  195  11:54  Overseer, Baneling x13  
  195  11:55  Baneling x10  
  187  12:04  Zergling x28, Zerg Ground Armor Level 1  
  197  12:09  Zergling x6  
  197  12:10  Baneling  
  197  12:11  Baneling x10  
  199  12:15  Baneling  
  199  12:16  Baneling x5  
  196  12:32  Zergling x8  
  196  12:33  Baneling x19  
  183  12:38  Zergling x32  
  183  12:42  Zergling x6  
  199  12:46  Zergling x8  
  198  12:51  Zergling x2  
  198  12:52  Zergling x2  
  198  12:57  Hatchery  
  195  13:00  Zergling x14  
  191  13:09  Zergling x8  
  191  13:12  Zergling x18  
  168  13:15  Roach x3  
  168  13:18  Roach  
  158  13:23  Overseer  
  158  13:25  Roach x2  
  142  13:27  Roach  
  142  13:28  Overseer, Roach  
  142  13:32  Roach x3  
  129  13:37  Roach x4  
  129  13:39  Baneling x2  
  129  13:40  Baneling x10  
  129  13:41  Ravager x2  
  136  13:42  Roach x6  
  136  13:43  Unknown  
  136  13:44  Baneling x9  
  136  13:47  Baneling  
  136  13:48  Roach x2  
  151  13:50  Roach  
  151  13:54  Roach  
  153  13:58  Ravager x4  
  153  13:59  Ravager x6  
  153  14:00  Queen  
  153  14:02  Zergling x12  
  171  14:04  Roach  
  171  14:09  Roach  
  185  14:10  Roach x5  
  185  14:12  Roach x2  
  189  14:19  Baneling x9  
  189  14:21  Zergling x4  
  191  14:29  Overseer, Roach x2  
  187  14:34  Roach  
  187  14:36  Zergling x2  
  183  14:38  Overseer  
  183  14:39  Zergling x6  
  183  14:44  Overseer  
  166  14:45  Roach  
  166  14:46  Roach x8  
  169  14:54  Drone  
  169  14:56  Roach  
  165  15:00  Roach  
  165  15:03  Roach x3  
  159  15:09  Roach x3  
  153  15:14  Roach  
  153  15:17  Roach  
  153  15:18  Overseer  
  153  15:19  Roach x2  
  150  15:23  Overseer  
Show
View Real Time Build Order
Export as new Build Order

Trap Protoss 

Build Orders: 1 Gate Expand 

Get SALT Encoding   

  12  0:00  Probe  
  13  0:12  Probe  
  14  0:19  Pylon  
  14  0:24  Probe  
  15  0:37  Probe (Chrono Boost)  
  16  0:44  Gateway  
  16  0:46  Probe (Chrono Boost), Assimilator  
  17  0:51  Probe (Chrono Boost)  
  18  1:03  Probe  
  19  1:15  Probe  
  20  1:23  Nexus  
  20  1:34  Cybernetics Core  
  20  1:36  Probe  
  21  1:44  Assimilator  
  21  1:48  Probe  
  21  1:52  Pylon  
  22  2:00  Probe  
  23  2:08  Adept (Chrono Boost)  
  23  2:11  Warp Gate  
  23  2:13  Probe  
  26  2:19  Twilight Council  
  26  2:25  Probe  
  27  2:34  Stalker  
  29  2:37  Probe x2 (Chrono Boost)  
  31  2:47  Probe x2 (Chrono Boost)  
  33  2:52  Probe, Robotics Facility  
  33  2:56  Probe  
  35  3:11  Gateway x2  
  35  3:13  Probe  
  35  3:14  Probe  
  35  3:15  Resonating Glaives (Chrono Boost)  
  37  3:30  Gateway  
  37  3:31  Gateway  
  37  3:32  Probe  
  38  3:34  Probe  
  38  3:40  Warp Prism (Chrono Boost)  
  39  3:46  Probe  
  39  3:47  Probe  
  43  3:51  Pylon  
  43  3:59  Probe x2  
  45  4:08  Pylon  
  45  4:10  Adept x3  
  45  4:12  Observer  
  45  4:14  Pylon  
  52  4:18  Probe x2  
  52  4:19  Assimilator  
  54  4:36  Adept  
  54  4:37  Adept x4  
  64  4:42  Pylon  
  64  4:43  Probe x2  
  66  4:49  Dark Shrine  
  66  4:52  Assimilator  
  66  4:55  Probe x2  
  68  5:07  Probe x2  
  70  5:16  Immortal (Chrono Boost)  
  70  5:19  Probe x2  
  72  5:24  Pylon  
  72  5:25  Pylon  
  72  5:27  Adept x2  
  76  5:47  Nexus  
  76  5:48  Immortal (Chrono Boost)  
  80  5:50  Pylon  
  80  5:54  Observer  
  80  5:55  Forge  
  80  6:02  Probe x2  
  82  6:16  Probe (Chrono Boost)  
  84  6:19  Blink, Shield Battery  
  84  6:20  Sentry  
  84  6:21  Probe (Chrono Boost), Sentry x2  
  84  6:22  Immortal (Chrono Boost)  
  84  6:24  Protoss Ground Weapons Level 1 (Chrono Boost)  
  95  6:25  Probe (Chrono Boost)  
  95  6:29  Probe (Chrono Boost)  
  95  6:30  Probe (Chrono Boost)  
  97  6:40  Probe  
  98  6:47  Probe  
  98  6:50  Assimilator  
  98  6:52  Probe  
  98  6:54  Assimilator  
  100  6:56  Dark Templar  
  100  6:59  Probe x2  
  100  7:00  Dark Templar x2  
  108  7:14  Gateway x2, Immortal  
  112  7:15  Gateway  
  112  7:17  Photon Cannon  
  112  7:21  Probe x3  
  115  7:24  Pylon  
  115  7:33  Probe x2  
  117  7:38  Probe  
  116  7:46  Probe x2, Robotics Bay  
  116  7:48  Robotics Facility  
  116  7:50  Probe  
  119  7:56  Stalker x4  
  125  7:59  Pylon  
  125  8:01  Pylon, Shield Battery  
  125  8:02  Photon Cannon  
  125  8:03  Pylon  
  125  8:04  Shield Battery  
  125  8:09  Shield Battery  
  125  8:10  Pylon  
  125  8:18  Immortal (Chrono Boost), Dark Templar  
  131  8:21  Photon Cannon  
  131  8:23  Protoss Ground Weapons Level 2, Charge  
  131  8:27  Stalker  
  131  8:36  Disruptor (Chrono Boost)  
  130  8:50  Extended Thermal Lance, Disruptor (Chrono Boost)  
  130  8:53  Photon Cannon  
  133  9:00  Stalker x5  
  143  9:04  Pylon  
  143  9:05  Pylon  
  143  9:07  Pylon  
  143  9:19  Disruptor  
  143  9:22  Disruptor  
  149  9:27  Pylon x2  
  149  9:39  Photon Cannon, Zealot  
  149  9:47  Stalker x4  
  149  9:48  Nexus, Stalker  
  149  9:50  Pylon  
  159  9:56  Stalker x2  
  156  10:12  Stalker x2  
  156  10:13  Colossus (Chrono Boost), Stalker  
  162  10:16  Colossus (Chrono Boost)  
  174  10:22  Probe  
  174  10:23  Probe x2  
  174  10:27  Photon Cannon  
  174  10:48  Dark Templar  
  176  10:54  Photon Cannon  
  176  10:55  Photon Cannon  
  176  10:56  Colossus (Chrono Boost)  
  182  10:58  Photon Cannon, Colossus (Chrono Boost)  
  186  11:07  Zealot  
  187  11:20  Protoss Ground Weapons Level 3 (Chrono Boost)  
  187  11:21  Dark Templar x2  
  189  11:32  Dark Templar x2, Zealot x4  
  199  11:35  Assimilator  
  199  11:39  Assimilator  
  193  11:44  Pylon  
  193  11:47  Photon Cannon  
  193  11:48  Photon Cannon  
  193  11:52  Stalker  
  193  11:53  Stalker x2  
  197  11:56  Stalker x2  
  199  12:09  Archon  
  199  12:14  Gateway  
  197  12:16  Gateway  
  197  12:19  Stargate  
  197  12:26  Dark Templar  
  197  12:40  Sentry  
  199  12:44  Pylon  
  199  12:56  Stargate  
  111  13:24  Dark Templar  
  111  13:25  Dark Templar x7  
  115  13:30  Stalker x3  
  115  13:31  Stalker  
  95  13:34  Colossus (Chrono Boost)  
  95  13:39  Probe x2  
  95  13:40  Probe x2  
  105  13:41  Colossus (Chrono Boost)  
  105  13:43  Photon Cannon x2  
  105  13:44  Photon Cannon  
  105  13:45  Shield Battery  
  105  13:46  Shield Battery  
  105  13:56  Zealot x4  
  105  13:57  Zealot x4  
  121  14:07  Templar Archives  
  121  14:11  Dark Templar x2  
  121  14:12  Archon  
  121  14:16  Archon  
  125  14:19  Pylon  
  125  14:22  Colossus (Chrono Boost)  
  131  14:25  Stalker x2  
  109  14:34  Stalker x3  
  115  14:41  Dark Templar  
  115  14:44  Stalker x2  
  110  14:49  Stalker x2  
  101  14:53  Zealot  
  101  14:59  Zealot x3  
  97  15:06  Dark Templar  
  96  15:11  Stalker x2  
  84  15:20  Stalker x3  
  74  15:28  Stalker  
  68  15:34  Stalker  

Tags
 
Add a new tag
Caveats
  • Supply blocks, unpowered buildings, or Contaminate may cause inaccurate times.
  • Supply counts are checked every 10 seconds.